 Dungeon Crawl Stone Soup version 0.31-a0-217-g58bb5d79cf (webtiles) character file.

Game seed: 1366098355421981120

130 qw the Shooter (level 5, -3/30 HPs)
             Began as a Gargoyle Hexslinger on July 3, 2023.
             Was an Initiate of Okawaru.
             Killed from afar by an orc wizard (4 damage)
             ... with a magic dart
             ... on level 3 of the Dungeon.
             The game lasted 00:00:50 (2345 turns).

qw the Shooter (Gargoyle Hexslinger)                Turns: 2345, Time: 00:00:51

Health: -3/30      AC: 12    Str: 11    XL:     5   Next: 14%
Magic:  6/6        EV: 10    Int: 14    God:    Okawaru [......]
Gold:   80         SH:  0    Dex: 14    Spells: 5/6 levels left

rFire   . . .        Y - +2 sling
rCold   . . .        (no shield)
rNeg    + . .        e - +0 ring mail
rPois   inf          a - +2 helmet
rElec   +            (no cloak)
rCorr   .            (no gloves)
SInv    .            (no boots)
Will    .....        (no amulet) Stlth
                     (no ring)
HPRegen 0.25/turn    (no ring)
MPRegen 0.10/turn

%: no passive effects
@: confused
A: sickness immunity, AC +4, negative energy resistance 1, electricity
resistance, torment resistance 1, petrification resistance
a: Renounce Religion


You were on level 3 of the Dungeon.
You worshipped Okawaru.
Okawaru was noncommittal.
You visited 1 branch of the dungeon, and saw 3 of its levels.

You collected 80 gold pieces.


Innate Abilities, Weirdness & Mutations

You are immune to sickness and miasma.
Your stone body is resilient. (AC +4)
You are immune to poison.
You resist negative energy. (rN+)
You are resistant to electric shocks. (rElec)
You are resistant to unholy torment.
You are immune to petrification.


   Skills:
 - Level 2.0 Fighting
 + Level 4.6 Ranged Weapons
 - Level 1.3 Armour
 - Level 1.5 Dodging
 - Level 1.0 Spellcasting
 - Level 2.6 Hexes


You had 5 spell levels left.
You knew the following spells:

 Your Spells              Type           Power      Damage    Failure   Level
a - Slow                  Hex            32%        N/A       21%         1

Your spell library contained the following spells:

 Spells                   Type           Power      Damage    Failure   Level
 Inner Flame              Hex/Fire       4%         N/A       71%         3
 Portal Projectile        Hex/Tloc       8%         N/A       71%         3
 Cause Fear               Hex            4%         N/A       90%         4

Inventory:

Hand Weapons
 Y - a +2 sling (weapon)
Armour
 a - a +2 helmet (worn)
 e - a +0 ring mail (worn)
Scrolls
 b - a scroll of identify
Potions
 h - a potion of mutation {unknown}

Dungeon Overview and Level Annotations

Branches:
Dungeon (3/15)

Altars:
Ashenzari
Okawaru

Shops:
D:1 (   D:2 [


Message History

The orc hits you but does no damage.
You shoot a sling bullet. The sling bullet hits the ball python.
You kill the ball python!
Okawaru accepts your kill. The orc barely misses you.
Something hits you but does no damage.
You shoot a sling bullet. The sling bullet hits the orc.
The orc is heavily wounded.
The orc hits you but does no damage. Something hits you but does no damage.
You shoot a sling bullet. The sling bullet barely misses the orc.
The orc hits you but does no damage.
You hear some strange, mumbled words.
You are confused.
The orc hits you but does no damage. Something hits you but does no damage.
The orc closely misses you. Something hits you but does no damage.
The orc barely misses you.
You hear some strange, mumbled words.
You are more confused.
The orc barely misses you.
You hear some strange, mumbled words.
A puff of flame appears from out of thin air!
The puff of flame hits you but does no damage.
The orc hits you but does no damage. Something hits you. The orc misses you.
You hear some strange, mumbled words.
Something tries to affect you, but you resist.
The orc hits you but does no damage. Something hits you.
The orc hits you but does no damage. Something hits you.
The orc hits you but does no damage. Something hits you but does no damage.
The orc misses you. Something hits you but does no damage.
The orc hits you but does no damage. Something hits you. The orc misses you.
You hear some strange, mumbled words.
A puff of flame appears from out of thin air!
The puff of flame hits you!
An orc wizard appears from thin air!
Reactivating autopickup.
The orc hits you with a +0 dagger. The orc wizard casts a spell at you.
The magic dart hits you.
You die...

.~~..77......#..##
.¤¤..7..._...##..##
.¤¤..77......##...#
####..777....####>#
# #....777.## #.# #
##.......# #)#
###....## #.#
###########.########
......%@o......\.
########o######..
#o....ooo #######.#


You could see an orc wizard and 2 orcs.

Vanquished Creatures
  Jessica (D:2)
  Terence (D:2)
  Robin (D:3)
  2 adders
  A bat (D:1)
  2 endoplasms (D:1)
  3 giant cockroaches
  10 goblins
  3 hobgoblins
  11 jackals (D:1)
  3 kobolds
  4 quokkas
  3 ball pythons
  A frilled lizard (D:3)
46 creatures vanquished.

Notes
Turn   | Place    | Note
-------+----------+-------------------------------------------
     0 | D:1      | qw the Gargoyle Hexslinger began the quest for the Orb.
     0 | D:1      | Reached XP level 1. HP: 12/12 MP: 2/2
     0 | D:1      | 0 ||| qw: Version: 0.3-a-40-ge99b1a8
     0 | D:1      | 0 ||| qw: Game counter: 288
     0 | D:1      | 0 ||| qw: Melee chars always use a shield: true
     0 | D:1      | 0 ||| qw: God list: Okawaru
     0 | D:1      | 0 ||| qw: Allow faded altars: false
     0 | D:1      | 0 ||| qw: Do Orc after clearing Dungeon:15 true
     0 | D:1      | 0 ||| qw: Do second Lair branch before Depths: true
     0 | D:1      | 0 ||| qw: Lair rune preference: random
     0 | D:1      | 0 ||| qw: Goals: Normal
     0 | D:1      | 0 ||| PLANNING D:1-11
    82 | D:1      | HP: 2/12 [goblin/+0 dagger (3)]
    90 | D:1      | HP: 2/12 [jackal (1)]
    92 | D:1      | Reached XP level 2. HP: 3/16 MP: 3/3
   335 | D:1      | Reached skill level 3 in Ranged Weapons
   745 | D:1      | Reached XP level 3. HP: 21/21 MP: 4/4
   831 | D:1      | Found Useipp's Weapon Shoppe.
   908 | D:1      | 908 ||| UPGRADING to +0 ring mail.
   918 | D:1      | 918 ||| DROPPING +0 robe.
   919 | D:1      | 919 ||| READING scroll labelled GEAZXE MYRIMIS.
   920 | D:1      | 920 ||| READING scroll labelled TIYWAGYEXKEI.
   921 | D:1      | 921 ||| READING scroll labelled FOL IBLOOSTRUX.
   922 | D:1      | 922 ||| DROPPING scroll of poison.
   988 | D:2      | Noticed Jessica
   995 | D:2      | Killed Jessica
   996 | D:2      | Reached XP level 4. HP: 18/26 MP: 5/5
  1086 | D:2      | Found Sargh's Armour Shop.
  1107 | D:2      | 1107 ||| SHOPLISTING +0 pair of gloves (63 gold, have 52).
  1107 | D:2      | 1107 ||| SHOPLISTING +2 leather armour of poison resistance
                  | (224 gold, have 52).
  1107 | D:2      | 1107 ||| SHOPLISTING +3 leather armour of poison resistance
                  | (294 gold, have 52).
  1119 | D:2      | Noticed Terence
  1129 | D:2      | Killed Terence
  1130 | D:2      | Reached skill level 4 in Ranged Weapons
  1678 | D:2      | 1678 ||| READING scroll labelled JEOFOHAVV MOHI.
  1679 | D:2      | 1679 ||| READING scroll labelled IMUESTRIKOM.
  1727 | D:3      | Noticed Robin
  1734 | D:3      | 1734 ||| STAIRDANCE
  1759 | D:3      | 1759 ||| STAIRDANCE
  1799 | D:3      | Killed Robin
  1800 | D:3      | Reached skill level 1 in Armour
  1847 | D:3      | Reached XP level 5. HP: 29/30 MP: 6/6
  2227 | D:3      | Found a broken altar of Ashenzari.
  2257 | D:3      | Found an iron altar of Okawaru.
  2258 | D:3      | 2258 ||| PLANNING OKAWARU WORSHIP
  2258 | D:3      | 2258 ||| UPGRADING to +2 helmet.
  2263 | D:3      | 2263 ||| READING 2 scrolls labelled XIXANUOFIDGHO.
  2268 | D:3      | Became a worshipper of Warmaster Okawaru
  2269 | D:3      | 2269 ||| PLANNING D:1-11
  2318 | D:3      | 2318 ||| FLEEEEING.
  2344 | D:3      | HP: 3/30 [something/puff of flame (7)]
  2345 | D:3      | HP: 1/30 [orc/+0 dagger (3)]
  2345 | D:3      | Killed from afar by an orc wizard

Levels and vault maps discovered:
D:1:      dpeg_arrival_round_a, layout_basic, serial_shops,
          nicolae_shop_crystal, minmay_pentomino_w2
D:2:      layout_basic, serial_shops, nicolae_shop_window_shopping,
          kennysheep_pointless_box, uniq_terence, uniq_jessica
D:3:      layout_basic, mainiacjoe_overflow_two_lobes,
          ebering_ecumenical_altar_abandoned, gammafunk_ghost_cemetery,
          uniq_sigmund, uniq_robin

Skill      XL: |  1  2  3  4 |
---------------+-------------+-----
Ranged Weapons | 3 4 |  4.6
Fighting       | 2 |  2.0
Armour         | 1 |  1.3
Dodging        | |  1.5
Spellcasting   | |  1.0
Hexes          | |  2.6

Action                     |  1- 3 |  4- 6 || total
---------------------------+-------+-------++-------
   Fire: Sling             |   102 |    94 ||   196
    Use: Scroll            |     3 |     3 ||     6
 Armour: Robe              |    34 |       ||    34
         Ring mail         |     3 |    46 ||    49
  Dodge: Dodged            |    70 |    39 ||   109

Table legend:
 A = Non-vault XP
 B = Vault XP
 C = Vault XP percentage of total XP
 D = Non-vault monster count
 E = Vault monster count
 F = Vault count percentage of total count
                 A         B        C        D         E       F
            +---------+---------+-------+---------+---------+-------
      Total |      88 |      99 |  52.9 |      35 |      11 |  23.9
            +---------+---------+-------+---------+---------+-------
        D:1 |      38 |       2 |   5.0 |      20 |       1 |   4.8
        D:2 |      23 |      71 |  75.5 |       6 |       3 |  33.3
        D:3 |      27 |      26 |  49.1 |       9 |       7 |  43.8
            +---------+---------+-------+---------+---------+-------
